 Dungeon Crawl Stone Soup version 0.29.1-2-gbd0b4ee654 (webtiles) character file.

Game seed: 2016838819757475007

1339 Earthwalker the Trooper (level 8, -14/70 HPs)
             Began as a Minotaur Fighter on Oct 23, 2022.
             Demolished by an orc warrior
             ... wielding a +0 battleaxe
              (19 damage)
             ... on level 6 of the Dungeon.
             The game lasted 00:18:27 (6584 turns).

Earthwalker the Trooper (Minotaur Fighter)          Turns: 6584, Time: 00:18:28

Health: -14/70     AC: 10    Str: 28    XL:     8   Next: 35%
Magic:  17/17      EV: 12    Int:  3    God:
Gold:   373        SH:  5    Dex: 11    Spells: 7/7 levels left

rFire   . . .      SeeInvis .   a - +0 war axe
rCold   . . .      Faith    .   c - +0 buckler
rNeg    . . .      Spirit   .   J - +2 ring mail "Boinimne" {Rampage MP+9 Str+6 Int-2}
rPois   .          Reflect  .   y - +2 hat
rElec   .          Harm     .   (no cloak)
rCorr   .          Rampage  +   (no gloves)
Will    .....                   (no boots)
Stlth   +.........              f - amulet of the acrobat
HPRegen 0.21/turn               (no ring)
MPRegen 0.15/turn               (no ring)

@: no status effects
A: horns 2, retaliatory headbutt
a: no special abilities


You were on level 6 of the Dungeon.
You visited 1 branch of the dungeon, and saw 6 of its levels.
You also visited: Sewer.

You collected 373 gold pieces.

Inventory:

Hand Weapons
 a - a +0 war axe (weapon)
 F - a +0 hand axe of flaming
Missiles
 e - 8 poisoned darts (quivered)
 q - 5 javelins
 r - 5 silver javelins
 u - 2 throwing nets
Armour
 b - a +0 scale mail
 c - a +0 buckler (worn)
 y - a +2 hat (worn)
 J - the +2 ring mail "Boinimne" (worn) {Rampage MP+9 Str+6 Int-2}
   (You took it off an orc on level 5 of the Dungeon)

   Str:       It affects your strength (+6).
   Int:       It affects your intelligence (-2).
   MP:        It affects your magic capacity (+9).
   Rampage:   It bestows one free step when moving towards enemies.
Jewellery
 f - an amulet of the acrobat (around neck)
 s - an amulet of magic regeneration
Wands
 H - a wand of flame (36)
Scrolls
 h - 4 scrolls of identify {unknown}
 j - a scroll of blinking {unknown}
 k - 2 scrolls of teleportation {unknown}
 l - a scroll of amnesia {unknown}
 m - 2 scrolls of enchant weapon {unknown}
 p - 2 scrolls of magic mapping {unknown}
 t - a scroll of poison {unknown}
 v - a scroll of butterflies {unknown}
 w - a scroll of summoning {unknown}
 D - a scroll of fear {unknown}
 I - 3 scrolls of immolation {unknown}
Potions
 d - 2 potions of might
 g - 2 potions of lignification {unknown}
 i - 5 potions of curing {unknown}
 n - 3 potions of heal wounds {unknown}
 o - 3 potions of cancellation {unknown}
 x - 2 potions of mutation {unknown}
 z - 3 potions of resistance {unknown}
 A - a potion of haste {unknown}
 B - 2 potions of magic {unknown}
 C - a potion of flight {unknown}
 E - a potion of attraction {unknown}
 G - a potion of berserk rage {unknown}


   Skills:
 * Level 6.1 Fighting
 * Level 5.1 Axes
 * Level 3.6 Throwing
 * Level 5.8 Armour
 * Level 4.1 Dodging
 * Level 5.8 Shields
 - Level 2.0 Invocations
 - Level 2.0 Evocations


You had 7 spell levels left.
You didn't know any spells.
Your spell library contained the following spells:

 Spells                   Type           Power      Damage    Failure   Level
 Stone Arrow              Conj/Erth      0%         3d7       97%         3
 Animate Armour           Summ/Erth      0%         N/A       100%        4
 Lehudib's Crystal Spear  Conj/Erth      0%         10d2      100%        8


Dungeon Overview and Level Annotations

Branches:
Dungeon (6/15)              Sewer (visited)
 Temple: D:4-7

Altars:


Innate Abilities, Weirdness & Mutations

You have a pair of horns on your head.
You reflexively headbutt those who attack you in melee.


Message History

You hit the orc.
You kill the orc!
The orc warrior closely misses you. You furiously retaliate!
You headbutt the orc warrior. You hit the orc warrior.
The orc warrior is almost dead.
You slash the orc!
You kill the orc!
The orc warrior hits you but does no damage.
The orc priest invokes the aid of Beogh against you.
You struggle to resist.
The orc warrior hits you with a +0 battleaxe!
You barely miss the orc warrior.
The orc warrior is almost dead.
You barely miss the orc priest.
The orc priest mumbles some strange prayers to Beogh against you.
Beogh smites you! The orc warrior barely misses you.
You hit the orc warrior but do no damage.
The orc warrior is almost dead.
You hit the orc priest.
The orc priest invokes the aid of Beogh against you.
Beogh smites you!
The orc warrior hits you with a +0 battleaxe!
* * * LOW HITPOINT WARNING * * *
You are too injured to fight recklessly!
You closely miss the orc warrior. Your headbutt misses the orc warrior.
The orc warrior is almost dead.
You hit the orc priest. The orc priest hits you with a +0 whip.
* * * LOW HITPOINT WARNING * * *
The orc warrior hits you but does no damage.
You barely miss the orc warrior.
The orc warrior is almost dead.
You hit the orc priest but do no damage.
The orc priest closely misses you. You furiously retaliate!
You headbutt the orc priest. You block the orc warrior's attack.
The orc priest mumbles some strange prayers to Beogh against you.
Pain shoots through your body!
* * * LOW HITPOINT WARNING * * *
The orc warrior hits you with a +0 battleaxe!!
You die...

..# ### ...
.. . #.. ..
.. #.##.#.
...... ..
#...#...#
#oo.....# #@#
#..).......
.[..#...#....
......#####
.. .....
#####


You could see an orc warrior and an orc priest.

Vanquished Creatures
  A black bear (D:5)
  2 scorpions
  A necrophage (D:5)
  7 jellies
  4 hounds (D:5)
  2 orc priests
  A gnoll bouda (D:3)
  An iguana (D:5)
  4 orc wizards
  19 gnolls
  10 adders
  3 river rats
  2 ufetubi
  A worm (Sewer)
  2 dart slugs
  21 orcs
  16 endoplasms
  6 giant cockroaches
  38 goblins
  26 hobgoblins
  4 jackals (D:3)
  4 quokkas
  14 ball pythons
  7 bats
  6 frilled lizards
  8 kobolds
  9 rats
219 creatures vanquished.

Notes
Turn   | Place    | Note
-------+----------+-------------------------------------------
     0 | D:1      | Earthwalker the Minotaur Fighter began the quest for the
                  | Orb.
     0 | D:1      | Reached XP level 1. HP: 19/19 MP: 0/0
   509 | D:1      | Reached XP level 2. HP: 23/27 MP: 1/1
   972 | D:2      | Reached skill level 1 in Dodging
  1016 | D:2      | Reached skill level 1 in Throwing
  1018 | D:2      | Reached XP level 3. HP: 27/33 MP: 2/2
  1172 | D:2      | Reached skill level 4 in Fighting
  1851 | D:3      | Reached XP level 4. HP: 40/40 MP: 3/3
  2149 | D:3      | Reached XP level 5. HP: 47/47 MP: 4/4
  2533 | D:3      | Reached skill level 1 in Evocations
  2764 | D:3      | Reached skill level 1 in Invocations
  2822 | D:3      | Reached XP level 6. HP: 7/53 MP: 5/5
  3934 | D:4      | Reached skill level 5 in Fighting
  4100 | D:4      | Found a glowing drain.
  4113 | D:4      | Reached XP level 7. HP: 37/61 MP: 7/7
  4123 | Sewer    | Entered a sewer
  4509 | Sewer    | Reached skill level 5 in Shields
  4593 | Sewer    | Reached skill level 5 in Armour
  4675 | Sewer    | Found a shimmering altar of Xom.
  5560 | D:5      | Entered Level 5 of the Dungeon
  5724 | D:5      | Reached XP level 8. HP: 68/70 MP: 8/8
  5855 | D:5      | Reached skill level 5 in Axes
  5966 | D:5      | Reached skill level 6 in Fighting
  6106 | D:5      | Identified the +2 ring mail "Boinimne" {Rampage MP+9 Str+6
                  | Int-2}
  6584 | D:6      | Demolished by an orc warrior

Illustrated notes

Levels and vault maps discovered:
D:1:      spicycebolla_arrival_clurvy, layout_loops_ring
D:2:      layout_loops_ring, minmay_tromino_v4_a
D:3:      minmay_goblin_kobold_castle, layout_loops_ring, minmay_divided_ellipse
D:4:      kennysheep_spiral_hall, layout_basic, portal_sewer_entry_a
D:5:      layout_loops_ring
D:6:      layout_basic, kennysheep_mini_moat, ebering_ghost_disaster_area,
          uniq_grinder

Skill      XL: |  1  2  3  4  5  6  7  8 |
---------------+-------------------------+-----
Dodging        | 1 2 3 4 |  4.1
Throwing       | 1 2 3 |  3.6
Fighting       | 4 5 6 |  6.1
Armour         | 4 5 |  5.8
Shields        | 4 5 |  5.8
Axes           | 3 4 5 |  5.1
Evocations     | 1 2 |  2.0
Invocations    | 1 2 |  2.0

Action                   |  1- 3 |  4- 6 |  7- 9 || total
-------------------------+-------+-------+-------++-------
Melee: War axe           |    84 |   197 |   167 ||   448
       Headbutt          |    11 |    29 |    38 ||    78
Armor: Scale mail        |    26 |    73 |    52 ||   151
       Ring mail         |       |       |    17 ||    17
Dodge: Dodged            |    43 |   154 |    70 ||   267
Block: Buckler           |    15 |    69 |    31 ||   115
